 Dungeon Crawl Stone Soup version 0.31-a0-1206-g41278d8d1d (webtiles) character file.

Game seed: 14114610010134668008

4824 Daunt the Mimic (level 9, 0/73 HPs)
             Began as a Red Draconian Venom Mage on Dec 14, 2023.
             Was a Believer of Ru.
             Slain by a slime creature (6 damage)
             ... on level 9 of the Dungeon.
             The game lasted 00:56:31 (9968 turns).

Daunt the Mimic (Red Draconian Venom Mage)          Turns: 9968, Time: 00:56:31

Health: 0/73       AC: 14    Str: 10    XL:     9   Next: 25%
Magic:  9/17       EV: 12    Int: 23    God:    Ru [**....]
Gold:   611        SH:  0    Dex: 13    Spells: 13/19 levels left

rFire   + . .        f - +3 quarterstaff (chaos)
rCold   . . .        (shield currently unavailable)
rNeg    . . .        (body armour unavailable)
rPois   .            (helmet restricted)
rElec   .            g - +2 cloak {Will+}
rCorr   .            j - +0 pair of gloves
SInv    .            C - +2 pair of boots
Will    +....        J - amulet of the acrobat
Stlth   ++           K - +6 ring of intelligence
HPRegen 0.32/turn    H - ring of flight
MPRegen 0.15/turn

%: acrobat
@: short of breath, flying
A: breathe fire, AC +7, unfitting armour, dopey 1, fire resistance 1,
cold-blooded, inexperienced 1
a: Breathe Fire, Renounce Religion


You were on level 9 of the Dungeon.
You worshipped Ru.
Ru was pleased with you.
You visited 1 branch of the dungeon, and saw 9 of its levels.
You also visited: Sewer.

You collected 611 gold pieces.

Inventory:

Hand Weapons
 f - a +3 quarterstaff of chaos (weapon)
 l - a +2 vampiric dagger
 o - a +0 sling
 M - the +7 dagger of the Slashing Gods {chaos, *Corrode rElec rPois rC+}
   (You took it off an orc on level 7 of the Dungeon)

   rC+:       It protects you from cold.
   rElec:     It insulates you from electricity.
   rPois:     It protects you from poison *Corrode: It may corrode you when you
   take damage.
Missiles
 p - 8 boomerangs
 r - 32 poisoned darts
 F - 12 curare-tipped darts
 S - 3 silver javelins
Armour
 g - a +2 cloak of willpower (worn)
 j - a +0 pair of gloves (worn)
 C - a +2 pair of boots (worn)
Magical Staves
 y - a staff of cold
Jewellery
 c - a ring of wizardry
 H - a ring of flight (right hand)
 J - an amulet of the acrobat (around neck)
 K - a +6 ring of intelligence (left hand)
Talismans
 G - a serpent talisman
 R - a maw talisman
Wands
 B - a wand of charming (21)
 Q - a wand of iceblast (5)
Scrolls
 d - 5 scrolls of poison {unknown}
 e - 4 scrolls of teleportation
 h - 2 scrolls of revelation {unknown}
 i - a scroll of noise {unknown}
 k - 3 scrolls of identify {unknown}
 m - a scroll of summoning {unknown}
 t - 2 scrolls of silence {unknown}
 u - a scroll of immolation {unknown}
 z - 2 scrolls of blinking {unknown}
 D - a scroll of acquirement {unknown}
 I - 2 scrolls of fear {unknown}
 L - a scroll of torment {unknown}
 N - 2 scrolls of enchant weapon {unknown}
 O - a scroll of fog {unknown}
Potions
 a - 3 potions of magic
 b - a potion of degeneration {unknown}
 n - a potion of berserk rage {unknown}
 q - 2 potions of invisibility
 s - 2 potions of heal wounds {unknown}
 v - a potion of haste {unknown}
 w - 2 potions of curing
 x - a potion of mutation {unknown}
 A - a potion of brilliance {unknown}
 E - a potion of ambrosia {unknown}
 P - a potion of might {unknown}


   Skills:
 - Level 4.9 Fighting
 - Level 1.7 Dodging
 - Level 3.0 Stealth
 - Level 5.5 Spellcasting
 - Level 4.0 Conjurations
 - Level 2.0 Transmutations
 - Level 4.0 Air Magic
 - Level 7.0 Poison Magic
 + Level 8.7 Shapeshifting


You had 13 spell levels left.
You knew the following spells:

 Your Spells              Type           Power      Damage    Failure   Level
a - Sting                 Tmut/Pois      100%       1d8       1%          1
m - Mephitic Cloud        Conj/Pois/Air  29%        N/A       3%          3
v - Poisonous Vapours     Pois/Air       62%        N/A       1%          2

Your spell library contained the following spells:

 Spells                   Type           Power      Damage    Failure   Level
 Olgreb's Toxic Radiance  Pois           38%        N/A       4%          4
 Wereblood                Tmut           15%        N/A       6%          2
 Irradiate                Conj/Tmut      10%        3d15      58%         5
 Leda's Liquefaction      Hex/Erth       3%         N/A       65%         4
 Lee's Rapid Deconstruct  Erth           3%         3d5*      94%         5
 Bombard                  Conj/Erth      7%         9d2       99%         6


Dungeon Overview and Level Annotations

Branches:
Dungeon (9/15) Zot: 26337  Temple (0/1) D:6             Orc (0/2) D:9
  Sewer (visited)
   Lair: D:8-11

Altars:
Elyvilon
Fedhas
Qazlal
Ru
Trog
Wu Jian
The Shining One

Shops:
D:7 [   D:9 ([


Innate Abilities, Weirdness & Mutations

You can breathe blasts of fire.
Your fiery red scales are hard. (AC +7)
You cannot fit into any form of body armour.
You are dopey. (Int -2)
Your flesh is heat resistant. (rF+)
You are cold-blooded and may be slowed by cold attacks.
You are somewhat inexperienced. (-1 XL)


Message History

The slime creature hits you but does no damage.
You hit the slime creature.
The slime creature seems to speed up.
The slime creature is moderately wounded.
The slime creature hits you but does no damage.
The slime creature hits you!
You are too injured to fight recklessly!
Unknown command.
You are too injured to fight recklessly!
You are too injured to fight recklessly!
You hit the slime creature. You drain the slime creature.
The slime creature is heavily wounded.
The slime creature closely misses you. The slime creature hits you!
* * * LOW HITPOINT WARNING * * *
You barely miss the slime creature.
The slime creature is heavily wounded.
The slime creature hits you but does no damage.
The slime creature hits you.
* * * LOW HITPOINT WARNING * * *
It was a potion of curing.
You feel better. The slime creature hits you!
* * * LOW HITPOINT WARNING * * *
Okay, then.
Unknown command.
Unknown command.
Aiming: Breathe Fire (4% risk of failure)
Press: ? - help, Shift-Dir - straight line, f/p - slime creature
Aim: a slime creature (heavily wounded, fast, very poisoned, lightly drained, 93% to hit)
You breathe a blast of fire.
The fiery breath hits the slime creature!
The slime creature is severely wounded.
The slime creature barely misses you. The slime creature hits you!
* * * LOW HITPOINT WARNING * * *
You focus your inner power and illuminate the slime creature in retribution!
Unknown command.
Unknown command.
Unknown command.
You feel better. The slime creature hits you.
* * * LOW HITPOINT WARNING * * *
You feel better. The slime creature closely misses you.
The slime creature hits you.
You die...

≈≈.≈.## #.####.. .≈J≈.#
#.#..........
.≈.≈.#######.#..........
.≈.≈J........#..........
.≈.≈.........#........#
.≈.≈.###.....#........#
≈≈.≈...#######........#
...≈..................#
≈≈≈≈.......○...J@.....#
..........#######.....#
..........# #.....########+#.
####......# #................
#......# #................
#......#######................
#.............................
####....######...................
.[......#................)....#


You could see a slime creature (fast, very poisoned, drained, corona).

Vanquished Creatures
  An ugly thing (D:7)
  A hornet (D:7)
  A wyvern (D:8)
  5 steam dragons
  Menkaure (D:5)
  A water moccasin (D:7)
  5 orc warriors
  An ice beast (D:6)
  A sky beast (D:7)
  3 black bears
  4 ogres
  A phantom (D:5)
  3 centaurs
  4 kobold brigands
  3 bullfrogs
  A gnoll sergeant (D:7)
  A scorpion (D:4)
  A killer bee (D:7)
  An electric eel (D:9)
  3 howler monkeys
  A jelly (D:5)
  4 hounds
  7 orc priests
  Crazy Yiuf (D:2)
  A sleepcap (D:6)
  Ijyb (D:5)
  2 iguanas
  5 orc wizards
  Robin (D:2)
  8 adders
  3 gnolls (D:7)
  A river rat (D:3)
  3 white imps
  6 ufetubi (D:6)
  2 dart slugs
  34 orcs
  8 ball pythons
  10 endoplasms
  3 giant cockroaches
  11 hobgoblins
  6 jackals
  7 quokkas
  6 bats
  6 frilled lizards
  18 goblins
  19 kobolds
  9 rats
225 creatures vanquished.

Vanquished Creatures (others)
  A butterfly (D:6)
1 creature vanquished.

Grand Total: 226 creatures vanquished

Notes
Turn   | Place    | Note
-------+----------+-------------------------------------------
     0 | D:1      | Daunt the Draconian Venom Mage began the quest for the Orb.
     0 | D:1      | Reached XP level 1. HP: 14/14 MP: 3/3
   311 | D:1      | Reached XP level 2. HP: 19/20 MP: 0/5
   951 | D:1      | Learned a level 2 spell: Poisonous Vapours
  1042 | D:1      | Reached XP level 3. HP: 26/26 MP: 4/7
  1734 | D:2      | Found a runed translucent door.
  1735 | D:2      | Noticed Crazy Yiuf
  1752 | D:2      | Killed Crazy Yiuf
  1753 | D:2      | Reached XP level 4. HP: 21/33 MP: 2/8
  2029 | D:2      | Noticed Robin
  2054 | D:2      | Killed Robin
  2800 | D:3      | Reached XP level 5. HP: 38/38 MP: 4/10
  2802 | D:3      | Found a glowing drain.
  2868 | Sewer    | Entered a sewer
  3069 | Sewer    | Reached skill level 5 in Poison Magic
  3233 | Sewer    | Reached XP level 6. HP: 10/45 MP: 4/12
  4168 | D:4      | Found a sacrificial altar of Ru.
  4179 | D:4      | Became a worshipper of Ru the Awakened
  4352 | D:4      | Reached skill level 1 in Fighting
  4352 | D:4      | Your scales start taking on a fiery red colour.
  4352 | D:4      | Reached XP level 7. HP: 53/53 MP: 5/14
  4352 | D:4      | Gained mutation: Your flesh is heat resistant. (rF+) [Red
                  | Draconian growth]
  4356 | D:4      | Learned a level 3 spell: Mephitic Cloud
  4512 | D:4      | Found a bloodstained altar of Trog.
  4514 | D:4      | Found a stormy altar of Qazlal.
  4805 | D:5      | Entered Level 5 of the Dungeon
  4840 | D:4      | Reached skill level 5 in Spellcasting
  4840 | D:4      | Reached skill level 1 in Air Magic
  4906 | D:5      | Found a blossoming altar of Fedhas.
  4952 | D:5      | Noticed Ijyb
  4999 | D:5      | Killed Ijyb
  5459 | D:5      | Noticed Menkaure
  5472 | D:5      | Killed Menkaure
  5473 | D:5      | Reached XP level 8. HP: 47/63 MP: 13/15
  5505 | D:5      | Gained mutation: You are somewhat inexperienced. (-1 XL)
                  | [Ru sacrifice]
  5505 | D:5      | Reached XP level 7. HP: 57/57 MP: 14/14
  5505 | D:5      | Reached * piety under Ru
  5957 | D:6      | Reached skill level 1 in Conjurations
  6603 | D:6      | Found a white marble altar of Elyvilon.
  6753 | D:6      | Reached XP level 8. HP: 49/67 MP: 10/16
  7206 | D:6      | Found an ornate altar of the Wu Jian Council.
  7326 | D:6      | Found a staircase to the Ecumenical Temple.
  7455 | D:7      | Reached skill level 1 in Shapeshifting
  7646 | D:7      | Reached skill level 2 in Shapeshifting
  7699 | D:7      | Reached skill level 3 in Shapeshifting
  7753 | D:7      | Found Qarhips's Armour Shop.
  7879 | D:7      | Reached skill level 4 in Shapeshifting
  7917 | D:7      | Noticed a brown ugly thing
  7964 | D:7      | Found a glowing golden altar of the Shining One.
  8021 | D:7      | Reached skill level 5 in Shapeshifting
  8027 | D:7      | Killed a brown ugly thing
  8028 | D:7      | Reached skill level 6 in Shapeshifting
  8194 | D:7      | Noticed a gargoyle
  8218 | D:7      | Reached skill level 7 in Shapeshifting
  8590 | D:7      | Reached XP level 9. HP: 45/73 MP: 10/17
  8653 | D:7      | Identified the +7 dagger of the Slashing Gods {chaos,
                  | *Corrode rElec rPois rC+}
  8942 | D:8      | Reached skill level 8 in Shapeshifting
  9314 | D:9      | Found Zaates's Armour Shop.
  9315 | D:9      | Gained mutation: You are dopey. (Int -2) [Ru sacrifice]
  9315 | D:9      | Reached ** piety under Ru
  9368 | D:9      | Found Vycworih's Weapon Shop.
  9368 | D:9      | Found a staircase to the Orcish Mines.
  9847 | D:9      | Found Vuorefuoc's Antique Weapon Emporium.
  9966 | D:9      | HP: 1/73 [slime creature (10)]
  9968 | D:9      | Slain by a slime creature

Illustrated notes

Levels and vault maps discovered:
D:1:      dpeg_arrival_circle_labyrinth_c, layout_basic
D:2:      layout_loops_cross, uniq_crazy_yiuf_cottage, uniq_robin
D:3:      layout_rooms, portal_sewer_entry_a
D:4:      layout_loops_cross, mainiacjoe_overflow_catwalk,
          mainiacjoe_overflow_catwalk_spiral, grunt_ministairs_13,
          kennysheep_crisscross
D:5:      kennysheep_steamy, layout_rooms, fedhas_altar_1,
          minmay_misc_feat_rugged, nicolae_goblin_pals, uniq_menkaure
D:6:      minmay_spotlight, layout_basic, nicolae_elyvilon_peaceful_grove,
          nicolae_wu_jian_immortal_techniques, minmay_temple_entry_poolview
D:7:      wad_guarded_room, layout_basic, lemuel_tele_altar, serial_shops, shop
D:8:      layout_rooms
D:9:      layout_irregular_city, grunt_temple_overflow_gold_and_silver,
          ashenzari_altar_1, nzn_makhleb_speed_demon, orc_david_3, serial_shops,
          nicolae_inconvenience_store

Skill      XL: |  1  2  3  4  5  6  7  8  9 |
---------------+----------------------------+-----
Spellcasting   | 3 4 5 |  5.5
Poison Magic   | 4 5 7 |  7.0
Fighting       | 1 4 |  4.9
Transmutations | 2 |  2.0
Stealth        | 3 |  3.0
Air Magic      | 4 |  4.0
Conjurations   | 4 |  4.0
Shapeshifting  | 7 8 |  8.7
Dodging        | |  1.7

Action                     |  1- 3 |  4- 6 |  7- 9 || total
---------------------------+-------+-------+-------++-------
  Melee: Dagger            |     6 |       |       ||     6
         Hand axe          |    16 |       |       ||    16
         Tailslap          |     3 |     6 |    22 ||    31
         Unarmed           |     1 |       |       ||     1
         Spear             |     2 |       |       ||     2
         Quarterstaff      |       |    60 |   175 ||   235
   Cast: Sting             |    59 |   123 |   183 ||   365
         Poisonous Vapours |     3 |    19 |    68 ||    90
         Mephitic Cloud    |       |       |     5 ||     5
 Invoke: Sacrifice Experie |       |       |     1 ||     1
         Sacrifice Purity  |       |       |     1 ||     1
Ability: Breathe Fire      |       |       |    10 ||    10
    Use: Potion            |       |     1 |     3 ||     4
         Scroll            |       |       |     1 ||     1
   Stab: Confused          |       |       |     1 ||     1
         Sleeping          |       |       |     1 ||     1
 Armour: Skin              |    16 |    59 |   275 ||   350
  Dodge: Dodged            |    30 |    59 |   276 ||   365

Table legend: (Time is in decaauts)
 A = Elapsed time spent in this place.
 B = Non-inter-level travel time spent in this place.
 C = Inter-level travel time spent in this place.
 D = Time resting spent in this place.
 E = Time spent auto-exploring this place.
 F = Levels seen in this place.
 G = Mean time per level.
                   A        B        C        D        E       F      G
               +--------+--------+--------+--------+--------+-----+--------+
         Total |  10060 |   9537 |    523 |   2672 |   4380 |  10 | 1006.0 |
       Dungeon |   9391 |   8868 |    523 |   2377 |   4239 |   9 | 1043.4 |
         Sewer |    669 |    669 |      0 |    295 |    140 |   1 |  669.0 |
               +--------+--------+--------+--------+--------+-----+--------+

Top non-repeatable levels by time:
     D:6: 1730 daAuts
     D:1: 1448 daAuts
     D:7: 1241 daAuts
     D:2: 1149 daAuts
     D:4: 1064 daAuts
     D:5: 1027 daAuts
     D:8: 709 daAuts
   Sewer: 669 daAuts
     D:3: 557 daAuts
     D:9: 463 daAuts
